Map: Blueshift LE

Players

Kepp

  • Race: Protoss Protoss
  • League: Diamond
  • Spawn Location: 1:00

kemachi - Winner!

  • Race: Zerg Zerg
  • League: Diamond
  • Spawn Location: 7:00

VOD

Have the link to the VOD?

Description

Time

  • Played on: Sept. 22, 2018, 12:50 p.m.
  • Length: 12:20
Show
View Real Time Build Order
Export as new Build Order

Kepp Protoss 

Build Orders: Cannon Rush 

Get SALT Encoding   

  12  0:01  Probe  
  13  0:13  Probe  
  14  0:17  Pylon  
  14  0:25  Probe  
  14  0:34  Probe  
  15  0:36  Forge  
  16  0:44  Probe  
  16  0:49  Assimilator  
  17  0:56  Pylon  
  17  0:59  Probe  
  18  1:11  Probe  
  18  1:15  Photon Cannon  
  19  1:30  Pylon  
  19  1:37  Photon Cannon  
  19  1:39  Pylon  
  19  1:53  Photon Cannon  
  19  1:58  Photon Cannon  
  19  2:10  Photon Cannon  
  19  2:11  Photon Cannon  
  19  2:20  Photon Cannon  
  19  2:43  Probe, Pylon  
  19  2:47  Photon Cannon, Gateway  
  20  2:51  Probe  
  21  3:01  Probe  
  21  3:09  Pylon  
  20  3:13  Probe  
  20  3:15  Pylon  
  21  3:28  Photon Cannon  
  21  3:33  Photon Cannon  
  21  3:40  Assimilator  
  21  3:55  Photon Cannon  
  21  4:16  Photon Cannon  
  21  4:18  Pylon  
  21  4:27  Probe  
  21  4:30  Cybernetics Core  
  22  4:36  Probe  
  22  4:45  Probe  
  24  4:57  Probe  
  25  5:09  Probe  
  26  5:18  Stargate, Stalker  
  26  5:19  Pylon  
  28  5:28  Shield Battery  
  28  5:31  Probe  
  29  5:44  Stargate  
  29  5:47  Probe  
  30  6:01  Stalker  
  30  6:02  Warp Gate  
  32  6:22  Oracle  
  32  6:26  Oracle  
  35  6:36  Nexus  
  35  6:39  Pylon  
  38  7:02  Void Ray  
  40  7:15  Void Ray  
  40  7:22  Photon Cannon  
  44  7:42  Shield Battery  
  44  7:45  Shield Battery  
  44  7:46  Photon Cannon  
  44  7:57  Probe  
  45  8:00  Probe  
  46  8:09  Probe  
  45  8:12  Probe  
  45  8:20  Probe  
  45  8:25  Probe  
  47  8:28  Probe  
  48  8:35  Assimilator  
  48  8:36  Probe  
  48  8:37  Probe  
  48  8:39  Assimilator  
  50  8:43  Pylon, Void Ray  
  54  8:54  Photon Cannon  
  54  8:57  Pylon  
  48  9:34  Pylon  
  48  9:35  Probe x2  
  48  9:38  Pylon  
  50  9:41  Gateway  
  50  9:42  Void Ray  
  50  9:43  Gateway  
  50  9:45  Gateway  
  54  9:47  Probe x2  
  54  9:50  Twilight Council  
  56  9:59  Probe  
  56  10:15  Void Ray  
  56  10:20  Pylon  
  60  10:25  Void Ray  
  64  10:32  Stalker  
  62  10:56  Photon Cannon  
  62  10:59  Photon Cannon, Stalker  
  62  11:02  Photon Cannon, Void Ray  
  62  11:03  Photon Cannon  
  68  11:10  Templar Archives  
  55  11:40  Zealot x2  
  46  11:59  Stalker x2  
Show
View Real Time Build Order
Export as new Build Order

kemachi Zerg - Winner!

Build Orders: Hatch First, Roach Nydus 

Get SALT Encoding   

  12  0:01  Drone  
  13  0:12  Overlord  
  13  0:16  Drone  
  14  0:31  Drone x2  
  16  0:51  Drone  
  16  0:52  Hatchery  
  16  0:55  Drone  
  17  1:12  Spawning Pool  
  17  1:13  Extractor  
  15  1:32  Drone  
  15  1:33  Drone x2  
  18  2:03  Roach Warren  
  18  2:06  Zergling x2  
  18  2:07  Zergling x6  
  20  2:12  Queen  
  22  2:20  Zergling x4  
  24  2:30  Zergling x4  
  26  2:45  Drone  
  26  2:57  Metabolic Boost  
  24  3:32  Overlord x2  
  24  3:33  Hatchery  
  21  4:10  Drone x6  
  21  4:11  Lair  
  21  4:15  Extractor  
  25  4:32  Roach x3  
  31  4:44  Roach x3  
  37  4:46  Drone  
  37  4:49  Overlord  
  38  4:54  Queen  
  40  5:01  Ravager x2  
  42  5:11  Drone x2  
  44  5:17  Drone  
  44  5:20  Roach  
  44  5:21  Roach  
  49  5:23  Roach  
  51  5:29  Overlord  
  51  5:37  Overlord  
  51  5:43  Overlord  
  51  5:51  Nydus Network  
  51  5:53  Drone  
  51  5:56  Drone  
  51  6:31  Nydus Canal  
  51  6:34  Roach  
  51  6:35  Roach x5  
  51  6:37  Drone x3  
  51  6:38  Drone x2  
  65  7:14  Nydus Canal  
  65  7:15  Drone x5  
  65  7:18  Spore Crawler  
  65  7:20  Spore Crawler  
  68  7:33  Ravager  
  68  7:34  Ravager x2  
  71  7:39  Drone x4  
  71  7:40  Hatchery  
  74  7:48  Roach  
  74  7:50  Overlord  
  74  7:51  Overlord x2  
  76  7:55  Extractor x2  
  76  7:57  Hydralisk Den  
  66  8:26  Hydralisk x3  
  63  8:39  Grooved Spines  
  63  8:51  Hydralisk x3  
  69  9:08  Nydus Canal  
  69  9:10  Hydralisk x2  
  71  9:24  Hydralisk x3  
  73  9:33  Drone x2  
  73  9:36  Queen, Drone x3  
  80  9:40  Hydralisk x3  
  80  9:41  Hydralisk  
  88  9:48  Drone  
  88  9:49  Drone  
  88  10:03  Ravager  
  88  10:04  Ravager x2  
  91  10:18  Muscular Augments  
  91  10:20  Drone x6  
  97  10:23  Drone  
  97  10:24  Overlord x2  
  97  10:25  Overlord x2  
  96  10:45  Hydralisk x2  
  96  10:46  Hydralisk x5  
  103  10:56  Hydralisk x2  
  107  11:02  Nydus Canal  
  107  11:08  Hydralisk  
  109  11:20  Hydralisk x3  
  96  11:41  Hydralisk x2  
  90  11:51  Hydralisk x2  
Tags
 
Add a new tag
Caveats
  • Supply blocks, unpowered buildings, or Contaminate may cause inaccurate times.
  • Supply counts are checked every 10 seconds.